AoeStats
← hula

Black Forest

510388633Analyzed
3v3 RM · 1d ago on Sep 30, 2026· 25m 43s· 6 players
Game mode
Random Map
Map size
Normal (6 player)
Population
200
Speed
Normal
Resources
Standard
Victory
Conquest
Starting age
Dark Age
Ending age
Imperial Age
RankedLock teamsTeams togetherTeam positionsShared explorationLock speedFull tech treeHidden civsTurbo modeCheats
Victory
Defeat
🇫🇷 Goths · France
944
+16
🇫🇷 Hindustanis · France
922
+17
🇫🇷 Portuguese · France
851
+20
🇫🇷 Britons · France
1000
-63
🇫🇷 Huns · France
942
-53
🇫🇷 Koreans · France
867
-41
DecmaFR
1:29 Loom
11:31 Feudal Age
13:25 Man-at-Arms
16:44 Double-Bit Axe
19:23 Castle Age
20:22 Squires
20:18 Long Swordsman
22:46 Horse Collar
23:12 Scale Mail Armor
hula
0:47 Loom
11:17 Feudal Age
12:56 Double-Bit Axe
18:36 Castle Age
19:37 Husbandry
23:13 Bloodlines
SGC Carter
0:34 Loom
13:14 Feudal Age
13:58 Arson
13:52 Man-at-Arms
15:45 Horse Collar
20:17 Double-Bit Axe
20:26 Gold Mining
20:29 Stone Mining
24:52 Padded Archer Armor
24:47 Fletching
27:04 Castle Age
DeadSkull
14:24 Feudal Age
14:32 Man-at-Arms
15:13 Double-Bit Axe
15:12 Horse Collar
16:29 Wheelbarrow
19:07 Scale Mail Armor
Amanthana
2:23 Loom
12:14 Feudal Age
14:05 Wheelbarrow
13:16 Town Watch
13:20 Horse Collar
13:27 Double-Bit Axe
13:32 Town Watch
15:32 Wheelbarrow
20:30 Arson
20:06 Man-at-Arms
Kysera
6:32 Loom
11:00 Feudal Age
13:33 Double-Bit Axe
16:41 Wheelbarrow
22:56 Fletching
Connection lost

Rejoining the realm…

Still unreachable

The connection could not be restored.

Session expired

The server has moved on; the page needs a fresh start.